[Event "87th Spanish Championship 2022"]
[Site "Linares"]
[Date "2022.08.14"]
[Round "5.16"]
[White "Gonzalez Perez, Arian"]
[Black "Carbonell Sancho, Marc"]
[Result "1/2-1/2"]
[ECO "D85"]
[WhiteElo "2418"]
[BlackElo "2284"]
[Annotator "TA"]
[PlyCount "69"]
[EventDate "2022.08.11"]
[EventType "swiss"]
[EventCountry "ESP"]
[SourceTitle "playchess.com"]
[Source "ChessBase"]
[SourceQuality "1"]
[TimeControl "5400+30"]

1. d4 Nf6 2. c4 g6 3. Nc3 d5 4. cxd5 Nxd5 5. e4 Nxc3 6. bxc3 Bg7 7. Be3 c5 8. Qd2 Qa5 9. Rc1 O-O 10. Nf3 Rd8 11. d5 e6 12. Bg5 {[%emt 0:00:17] 12.Bg5 is better than 12.c4. D85: Exchange Grünfeld: Unusual White 7th moves and lines with 7 Nf3.} f6 13. Be3 Nc6 14. h4 exd5 15. exd5 Bg4 16. h5 Bxf3 17. gxf3 Ne5 18. Be2 c4 19. Rd1 f5 {[%emt 0:10:07][%cal Oe5f3] [#] aiming for ...Nxf3+!} 20. Kf1 {[%emt 0:03:33] [#] Black must now prevent hxg6.} Nd3 $146 (20... Rd6 $11 {keeps the balance.}) ({Predecessor:} 20... Nf7 21. Bxc4 Rac8 22. Bb3 Bxc3 23. Qe2 Nd6 24. Bg5 Qa6 25. Qxa6 bxa6 26. Bxd8 Rxd8 27. hxg6 hxg6 {1-0 (39) Mikhaylov,A (2237)-Popov,A (2144) Tuapse 2021}) 21. Bxd3 $16 cxd3 22. c4 ({Better is} 22. Qxd3 $16 {hxg6 is the strong threat.} Qxc3 23. Qe2) 22... Qxd2 $11 {[%emt 0:02:36] The position is equal.} 23. Rxd2 b5 24. cxb5 Rxd5 25. hxg6 hxg6 26. a4 Rd7 27. Kg2 Bc3 28. Ra2 Ba5 29. Rd1 Rc8 30. f4 Kf7 31. Ra3 Rc3 32. Rxc3 Bxc3 33. Kf3 Ke6 34. Bc5 Bd4 35. Bxd4 {[%emt 0:07:43] Weighted Error Value: White=0.09 (flawless) /Black=0.08 (flawless)} 1/2-1/2

[Event "87th Spanish Championship 2022"]
[Site "Linares"]
[Date "2022.08.14"]
[Round "5.17"]
[White "Cesar Maestre, Bernardo"]
[Black "Moreno Ruiz, Javier"]
[Result "0-1"]
[ECO "C07"]
[WhiteElo "2343"]
[BlackElo "2428"]
[Annotator "TA"]
[PlyCount "114"]
[EventDate "2022.08.11"]
[EventType "swiss"]
[EventCountry "ESP"]
[SourceTitle "playchess.com"]
[Source "ChessBase"]
[SourceQuality "1"]
[TimeControl "5400+30"]

1. e4 e6 2. d4 d5 3. Nd2 c5 4. Ngf3 cxd4 5. Nxd4 Nf6 6. Bd3 {[%emt 0:02:57] C07: French Tarrasch: 3...c5, 4 Ngf3 and 4 exd5 Qxd5.} e5 7. N4b3 {[%emt 0:05:44] [#]} (7. Bb5+ Bd7 8. Bxd7+ Qxd7 $15) 7... Nc6 $146 ({Predecessor:} 7... dxe4 8. Nxe4 Nxe4 9. Bxe4 Qxd1+ 10. Kxd1 Nd7 11. Re1 Bd6 12. Na5 Nc5 13. Nc4 O-O 14. Nxd6 Rd8 15. Bd3 Nxd3 16. cxd3 Rxd6 17. Rxe5 Be6 18. Be3 Rxd3+ {½-½ (18) Ginsburg,G (2523)-Illner,A (2375) Germany 2012}) 8. O-O {[%emt 0:01:58] The position is equal.} Be7 9. c3 O-O 10. exd5 Qxd5 11. Qe2 Bg4 12. f3 Be6 $36 {[%emt 0:02:01][%mdl 2048] Black is pushing.} 13. Ne4 Rad8 14. Nxf6+ Bxf6 15. Be4 Qd6 16. Be3 b6 {[%emt 0:00:50] Prevents Bc5.} 17. Qb5 Ne7 18. Qe2 (18. c4 $11) 18... Qc7 19. Qc2 Nd5 20. Bf2 (20. Bxh7+ $2 Kh8 21. Bf2 g6 22. Bxg6 fxg6 23. Qxg6 Nf4 24. Qh6+ Qh7 25. Qxh7+ Kxh7 $19) 20... g6 21. Rfe1 Nf4 22. Rad1 Bg5 23. h4 Bh6 24. Nc1 Bg7 25. Ne2 (25. Nd3 $11) 25... Nd5 (25... Bxa2 $2 26. Nxf4 exf4 27. b3 $18) (25... Nxe2+ $17 26. Rxe2 Rxd1+ 27. Qxd1 Rd8) 26. Qa4 Bh6 27. Nc1 Rd7 28. Bc2 Rfd8 {[%emt 0:01:01] aiming for ...Nf4.} 29. Nd3 Bg7 30. Bg3 (30. h5 $5) 30... f6 (30... Ne7 $1 $15) 31. Bb3 ({White should play} 31. f4 $1 $14) 31... Bf7 $11 32. Nc1 (32. Nf2 $11 {should be considered.}) 32... Bh6 $15 33. Qe4 {[%emt 0:00:44] Prevents Ne3.} Nf4 34. Bxf4 (34. Bxf7+ $15 Kxf7 35. Rxd7+ Rxd7 36. Nb3) 34... Bxf4 $19 35. Bxf7+ Kxf7 36. Rxd7+ Qxd7 (36... Rxd7 37. Nd3 $17) 37. Ne2 Bh6 (37... Bd2 $1 $19 38. Ra1 f5) 38. h5 (38. Ng3 $15) 38... Qd5 (38... Bd2 $1 $17 39. Ra1 f5 40. Qc4+ (40. Qxe5 $2 Re8 $19) 40... Qe6) 39. hxg6+ $15 hxg6 {[%emt 0:00:04] Strongly threatening ...Qxe4.} 40. Qa4 (40. Qxd5+ $15 Rxd5 41. Ng3) 40... Qc5+ $2 (40... Bd2 $1 $19 41. Rf1 (41. Qxa7+ $2 Rd7 $19) 41... Be3+ 42. Kh2 a5) 41. Kf1 b5 42. Qb3+ Qc4 {[%emt 0:01:04] Black is much more active.} 43. Qxc4+ bxc4 {[%emt 0:00:02][%mdl 4096] Endgame KRB-KRN} 44. Ng3 Bf4 45. Ne2 {[%emt 0:00:55] [#]} (45. Ne4 $11 {keeps the balance.}) 45... Bg5 $1 $17 46. b3 {[%emt 0:00:48] [#]} (46. g3 $17 {keeps fighting.}) 46... Rd2 $1 $19 47. Ra1 Be3 48. bxc4 Ke6 49. Ke1 Rb2 50. a4 Kd6 51. Kd1 $2 (51. Rd1+ {is a better defense.} Kc5 52. Rd3 Rb1+ 53. Rd1 Bf2+ 54. Kd2 Rxd1+ 55. Kxd1) 51... Kc5 52. a5 Kxc4 {[%emt 0:00:22] Threatens to win with ...Kd3.} 53. Ra4+ $2 (53. Ke1) 53... Kd3 {[%emt 0:00:57] ( -> ...Rb1+). Black is clearly winning.} 54. Nc1+ Bxc1 55. Kxc1 Rxg2 {[%emt 0:00:08] Hoping for ...f5.} 56. c4 Rc2+ 57. Kb1 Rxc4 {[%emt 0:00:07] Weighted Error Value: White=0.41/Black=0.21 (precise)} 0-1

[Event "87th Spanish Championship 2022"]
[Site "Linares"]
[Date "2022.08.14"]
[Round "5.18"]
[White "Vehi Bach, Victor Manuel"]
[Black "Lianes Garcia, Marcos"]
[Result "0-1"]
[ECO "B48"]
[WhiteElo "2290"]
[BlackElo "2411"]
[Annotator "TA"]
[PlyCount "80"]
[EventDate "2022.08.11"]
[EventType "swiss"]
[EventCountry "ESP"]
[SourceTitle "playchess.com"]
[Source "ChessBase"]
[SourceQuality "1"]
[TimeControl "5400+30"]

1. e4 c5 2. Nf3 e6 3. d4 cxd4 4. Nxd4 Nc6 5. Nc3 Qc7 6. Be3 a6 7. Qf3 {[%emt 0:08:49] 7.g4 gains popularity. B48: Sicilian: Taimanov: 5 Nc3 Qc7 6 Be3 a6 without Be2.} Nf6 8. Qg3 Ne5 (8... Qxg3 $1 $11 9. fxg3 (9. hxg3 Ng4 $11) 9... Bb4) 9. Be2 ({White should try} 9. f4 $16 Neg4 10. e5 Nxe3 11. Qxe3) 9... h5 $1 $11 {[%emt 0:24:16] [#]} 10. Nf3 $146 ({Predecessor:} 10. f4 h4 11. Qh3 Nc4 12. e5 Nxb2 13. Bc1 Bb4 14. Bd2 Nc4 15. exf6 Nxd2 16. fxg7 {1-0 (54) Durarbayli,V (2635)-Izzat,K (2424) Baku 2015}) 10... d6 11. Nxe5 dxe5 12. f4 h4 13. Qg5 Ba3 14. Qxg7 Rg8 15. Qxf6 Bxb2 {[%emt 0:00:06] [#]} 16. Nb5 $1 axb5 17. Bxb5+ $2 (17. Rd1 $14 {stays ahead.} Bc3+ 18. Bd2) 17... Bd7 $19 18. Bxd7+ Qxd7 19. Rd1 (19. O-O {only move.} Bd4 20. Bf2 Bxa1 21. Rxa1) 19... Qc6 {[%emt 0:01:00] Strongly threatening ...Bc3+.} 20. fxe5 {[%emt 0:10:21] And now 0-0 would win.} Qxe4 {[%emt 0:00:19] ( -> ...Bc3+)} ({Not} 20... Bc3+ 21. Kf2 $15) 21. Qf3 Qxf3 (21... Bc3+ $19 22. Kf1 Qxc2) 22. gxf3 $17 Bxe5 23. f4 Bf6 24. Rg1 Rxg1+ 25. Bxg1 Rxa2 {[%emt 0:00:09][%mdl 4096] Endgame KRB-KRB} 26. Kd2 Kd7 {[%emt 0:02:21] Black is more active.} 27. Rb1 Kc7 28. Bf2 (28. Be3 $142) 28... Ra4 29. Be3 {[%emt 0:00:28] [#]} Bd4 $1 30. Rg1 Bxe3+ 31. Kxe3 $19 {[%emt 0:00:09] KR-KR} Ra3+ 32. Ke4 Kd6 {[%emt 0:00:40] White must now prevent ...f5+.} 33. Rd1+ Kc6 34. Rg1 Ra4+ 35. Ke3 (35. Ke5 $17) 35... f5 36. Rg2 $2 (36. Rf1) 36... Re4+ 37. Kf3 Rc4 {[%emt 0:00:10] aiming for ...Rc3+.} 38. Ke3 b5 (38... Kd5 $142 39. Rd2+ Kc5) 39. Rg6 $2 (39. Rg8 {was the crucial defense.}) 39... Kd5 40. Rh6 Rc3+ {[%emt 0:00:06] Weighted Error Value: White=0.58/Black=0.20 (precise)} 0-1

[Event "87th Spanish Championship 2022"]
[Site "Linares"]
[Date "2022.08.14"]
[Round "5.19"]
[White "Esquivias Quintero, Luis Manuel"]
[Black "Tejedor Fuente, Enrique"]
[Result "0-1"]
[ECO "B30"]
[WhiteElo "2299"]
[BlackElo "2419"]
[Annotator "TA"]
[PlyCount "98"]
[EventDate "2022.08.11"]
[EventType "swiss"]
[EventCountry "ESP"]
[SourceTitle "playchess.com"]
[Source "ChessBase"]
[SourceQuality "1"]
[TimeControl "5400+30"]

1. e4 c5 2. Nf3 Nc6 3. Bb5 Nf6 4. Bxc6 bxc6 5. e5 Ng8 (5... Nd5 $11 {keeps the balance.}) 6. O-O $16 {[%emt 0:01:08][%cal Bh1f1,Bf1e1,Be1e7][%mdl 32] [#] B30: Sicilian: 2...Nc6 3 Bb5, lines without ...g6.} g6 $146 ({Predecessor:} 6... e6 7. d3 Ne7 8. Nbd2 Ng6 9. b3 d5 10. exd6 Bxd6 11. Bb2 O-O 12. Nc4 Bf4 {0-1 (59) Bakhmanov,F (1521)-Keskin,C (1508) Cagliari 2018}) 7. Re1 Bg7 8. Nc3 {[%emt 0:00:10] White is better.} f6 $1 9. exf6 Nxf6 10. Qe2 O-O 11. Qxe7 Qxe7 12. Rxe7 Nd5 13. Nxd5 cxd5 14. d4 ({White should try} 14. d3 $14) 14... cxd4 $11 15. Bg5 Rb8 16. Rb1 Rb6 17. Re2 h6 18. Bh4 Ba6 (18... g5 $5 19. Bg3 Ba6 $11) 19. Rd2 d3 20. cxd3 Bc3 $36 {[%emt 0:00:14][%mdl 2048] Black is more active.} 21. Rdd1 Bxb2 22. Bg3 Re8 23. Bd6 Rc8 24. d4 Bc4 $1 $17 {[%emt 0:10:43] Black continues to play with concentration.} 25. Bc5 Rbb8 {[%emt 0:02:19] Black is more active.} 26. Bd6 (26. Re1 $17 {was called for.}) 26... Bxa2 $19 {[%emt 0:04:18] A strong pair of Bishops.} 27. Bxb8 Rxb8 28. Rxb2 Rxb2 {[%emt 0:00:01][%mdl 4096] Endgame KRB-KRN} 29. Rc1 Bc4 {[%emt 0:08:44] Threatens to win with ...a5.} 30. h4 d6 {[%emt 0:00:58] Against Ne5} 31. Ra1 Ba2 {[%emt 0:00:30] ...Rb1+ is the strong threat.} 32. Rc1 {[%emt 0:01:13] [#]} (32. Kf1) 32... Rb1 $1 33. Rxb1 Bxb1 {[%emt 0:00:01] KB-KN} 34. Kf1 Bd3+ 35. Ke1 {[%emt 0:00:04] [#]} Be4 $1 {[%emt 0:00:17] Strongly threatening ...Bxf3.} 36. Nd2 Bxg2 37. Nb3 Kf7 38. Na5 Ke6 {[%emt 0:01:41] White must now prevent ...Kf5.} 39. Ke2 Kf5 40. Nc6 a6 41. Ne7+ Kf6 42. Nc6 Ke6 {[%emt 0:00:39] aiming for ...Kf5.} 43. Ke3 Bf1 {[%emt 0:00:36] Hoping for ...Bb5.} 44. f4 $2 (44. Kf4) 44... Kd7 45. Nb8+ Kc7 {[%emt 0:02:26] Black mates.} 46. h5 Kxb8 47. hxg6 Bh3 48. Kf3 a5 49. Kg3 Be6 {[%emt 0:00:49] Weighted Error Value: White=0.33/Black=0.09 (flawless)} 0-1

[Event "87th Spanish Championship 2022"]
[Site "Linares"]
[Date "2022.08.14"]
[Round "5.20"]
[White "Gonzalez Guedes, Iyan"]
[Black "Ingunza Curro, Andres"]
[Result "1/2-1/2"]
[ECO "B67"]
[WhiteElo "2250"]
[BlackElo "2370"]
[Annotator "TA"]
[PlyCount "96"]
[EventDate "2022.08.11"]
[EventType "swiss"]
[EventCountry "ESP"]
[SourceTitle "playchess.com"]
[Source "ChessBase"]
[SourceQuality "1"]
[TimeControl "5400+30"]

1. e4 c5 2. Nf3 Nc6 3. d4 cxd4 4. Nxd4 Nf6 5. Nc3 d6 6. Bg5 e6 7. Qd2 a6 8. O-O-O Bd7 9. f3 Nxd4 10. Qxd4 Be7 {B67: Sicilian: Richter-Rauzer: 7...a6 8 0-0-0 Bd7, lines without 9 f4 Be7.} 11. g4 Bc6 12. Kb1 {[#]} h5 $146 ({Predecessor:} 12... Qc7 13. Be3 O-O 14. h4 Nd7 15. g5 b5 16. h5 b4 17. Ne2 Rfc8 18. f4 Ba4 {0-1 (61) Osmanodja,F (2326)-Ibraev,V (2108) Chess.com INT 2019}) 13. gxh5 Rxh5 14. f4 Qa5 15. Qe3 Qc5 16. Qe2 Rh8 17. Bg2 O-O-O 18. h4 Kb8 (18... Ng8 $5 ) 19. Rhe1 (19. f5 $14) 19... Ng8 $11 20. Bxe7 Nxe7 21. Rh1 Ng6 22. Qg4 Qh5 23. Qg3 Qh6 $36 {[%mdl 2048] Black fights for an advantage.} 24. Ne2 e5 (24... Bb5 $15 {deserves consideration.} 25. h5 Bxe2 26. hxg6 Qxg6 27. Qxg6 fxg6) 25. f5 (25. fxe5 $1 $11 dxe5 26. Rxd8+ Rxd8 27. h5) 25... Nxh4 $17 26. Rh3 Qf6 27. Rdh1 g5 28. Nc3 (28. fxg6 $142 Nxg6 29. b3) 28... Rhg8 ({Better is} 28... Nxg2 $17 29. Qxg2 Rxh3 30. Qxh3 d5 31. exd5 Bxd5) 29. Bf1 (29. Rf1 $11) 29... d5 30. exd5 Bxd5 31. Nxd5 Rxd5 32. Bxa6 (32. Bd3 $142 Rgd8 33. Qg4) 32... Qd6 $2 ({Not} 32... bxa6 33. Rxh4 gxh4 34. Qxg8+ Rd8 35. Qg4 $11) (32... Nxf5 $17 33. Qg2 Rgd8) 33. Bd3 $11 Nxf5 34. Qg4 Ne7 {[%cal Of7f5] And now ...f5! would win.} 35. a3 (35. Rh8 $11) 35... Rd4 $17 36. Qe2 f5 37. Rh6 {[#]} (37. c3 $15 Rf4 38. Rh7) 37... Qc7 (37... Qc5 $1 $19 {is more deadly. Hoping for ...e4.} 38. c3 Rd7) 38. c3 (38. Re6 $17 {was worth a try.} e4 39. Rh7) 38... Rd6 (38... Rdd8 $19 {Strongly threatening ...e4.} 39. Rh7 e4) 39. Rh7 $2 (39. Rxd6 $17 Qxd6 40. Rh5) 39... Rb6 $2 (39... e4 $19 40. Bc4 Rgd8) 40. Bxf5 $11 {[%mdl 64] Pin} Qc5 41. Be4 Rf8 (41... Nd5 $11 42. Bxd5 Qxd5) 42. Rf1 (42. Rh8 $1 $14 Rxh8 43. Rxh8+ Ka7 44. Ka1) 42... Rxf1+ 43. Qxf1 {Threatens to win with Qf8+.} Ka7 44. Qg2 g4 {[#]} (44... Qxa3 $1 $11 {keeps the balance.} 45. Qc2 Qc5) 45. Rg7 ({White should try} 45. Ka1 $1 $16) 45... Qxa3 $1 {The position is equal.} 46. Bxb7 Qd6 47. Bd5 {aiming for Kc2. The board is on fire.} Kb8 48. c4 {Black must now prevent Qc2.} Nxd5 {Weighted Error Value: White=0.38/Black=0.37} 1/2-1/2

[Event "87th Spanish Championship 2022"]
[Site "Linares"]
[Date "2022.08.14"]
[Round "5.21"]
[White "Medarde Santiago, Luis Marcos"]
[Black "Ilinca Ilinca, Felix Antonio"]
[Result "1-0"]
[ECO "B33"]
[WhiteElo "2330"]
[BlackElo "2162"]
[Annotator "RC"]
[PlyCount "95"]
[EventDate "2022.08.11"]
[EventType "swiss"]
[EventCountry "ESP"]
[SourceTitle "playchess.com"]
[Source "ChessBase"]
[SourceQuality "1"]
[TimeControl "5400+30"]

1. e4 c5 2. Nf3 Nc6 3. d4 cxd4 4. Nxd4 Nf6 5. Nc3 e5 6. Ndb5 d6 7. Bg5 a6 8. Na3 b5 9. Bxf6 gxf6 10. Nd5 Bg7 11. g3 f5 12. Bg2 fxe4 13. Bxe4 Be6 14. O-O O-O 15. Ne3 Qd7 16. c3 f5 17. Bd5 Rae8 18. f4 exf4 19. gxf4 b4 20. Nac4 Kh8 21. Kh1 Ne7 22. Nb6 Qc7 23. Bxe6 Qxb6 24. Qd3 bxc3 25. bxc3 Qc6+ 26. Nd5 Nxd5 27. Bxd5 Qxc3 28. Qxa6 Qc5 29. Rad1 Rb8 30. Qc4 Qa5 31. Qd3 Rbe8 32. Rg1 Rf6 33. Rb1 Qc5 34. Rg2 Ref8 35. Rbg1 R6f7 36. Bxf7 Rxf7 37. Qb3 Qc7 38. Qd5 h6 39. Rg6 Qe7 40. Qe6 Qb7+ 41. R6g2 Rf6 42. Qb3 Qc6 43. Qg3 Rf7 44. Qg6 Qd5 45. Re1 Re7 46. Rxe7 Qd1+ 47. Rg1 Qf3+ 48. Qg2 1-0

[Event "87th Spanish Championship 2022"]
[Site "Linares"]
[Date "2022.08.14"]
[Round "5.22"]
[White "Guerra Bastida, Diego"]
[Black "Domingo Nunez, Ruben"]
[Result "0-1"]
[ECO "A30"]
[WhiteElo "2242"]
[BlackElo "2361"]
[Annotator "TA"]
[PlyCount "102"]
[EventDate "2022.08.11"]
[EventType "swiss"]
[EventCountry "ESP"]
[SourceTitle "playchess.com"]
[Source "ChessBase"]
[SourceQuality "1"]
[TimeControl "5400+30"]

1. c4 c5 2. Nf3 Nc6 3. Nc3 g6 4. e3 Nf6 5. d4 cxd4 6. exd4 d5 7. cxd5 Nxd5 8. Bc4 Nb6 9. Bb5 Bg7 {[%emt 0:00:30] A35: Symmetrical English: 2 Nc3 Nc6 3 Nf3.} 10. O-O {[%emt 0:05:40] Threatens to win with d5.} O-O 11. Bxc6 bxc6 {[%emt 0:00:15] The position is equal.} 12. h3 Be6 13. Re1 Rc8 14. Bg5 Re8 {[%emt 0:09:46] [#]} 15. Rxe6 $146 ({Predecessor:} 15. Ne4 Bd5 16. Qe2 Qd7 17. b3 Bxe4 18. Qxe4 c5 19. Rad1 c4 20. Ne5 Qe6 21. Nxc4 Qxe4 22. Rxe4 Nxc4 23. bxc4 Rxc4 24. Rxe7 Rxe7 {½-½ (24) Sepp,O (2446)-Maki Uuro,M (2341) Finland 2012}) 15... fxe6 16. Qe2 e5 (16... Bxd4 $2 17. Qxe6+ Kg7 18. Rd1 $18) 17. dxe5 Qd7 18. e6 (18. Re1 $11 {keeps the balance.}) 18... Qc7 19. Rc1 Rcd8 20. Qe4 Nd5 {[%emt 0:14:17] White is on the road to losing.} 21. Qh4 Nxc3 22. bxc3 Bf6 23. Re1 (23. Qc4 $17 {keeps fighting.}) 23... Bxc3 $19 24. Bf4 Qa5 25. Ng5 h5 26. Rf1 Bf6 (26... Qxa2 27. Be5 Qa5 28. Qe4 Qxe5 29. Qxg6+ Qg7 30. Qf7+ Qxf7 31. exf7+ Kf8 32. fxe8=N Kxe8 33. Ne4 $17) 27. Qg3 Kg7 ({Stronger than} 27... Qxa2 28. Nf7 Kh7 29. Nxd8 Rxd8 30. Be3 $15) 28. Nf7 Rd5 ({Inferior is} 28... Qxa2 29. Bh6+ Kh7 30. Nxd8 Rxd8 31. Be3 $15) 29. Bc7 (29. Qb3 {was called for.}) 29... Qxa2 ({Don't go for} 29... Qd2 $2 30. Be5 $19) 30. Qe3 {[%emt 0:03:43] Hoping for Qh6+.} Qd2 31. Qf3 Qd3 {[%emt 0:01:41] ...Qxf3 is the strong threat.} 32. Qf4 Qd2 33. Qf3 a5 34. Bf4 Qd3 35. Be3 Qf5 36. Bh6+ Kh7 37. Qe2 Qd3 {[%emt 0:00:57] Inhibits Qc4.} 38. Qa2 Qe4 {Strongly threatening ...Rb8.} 39. Be3 Rb8 40. Bc1 Kg7 41. Bh6+ {[%emt 0:03:37] [#]} Kg8 $1 {[%emt 0:00:06] White must now prevent ...Rb2.} 42. Qa3 Qxe6 (42... Rb1 $142 43. Rxb1 Qxb1+ 44. Kh2 Rd1) 43. Qg3 {[%emt 0:00:08] [#]} Qxf7 44. Qxb8+ Kh7 45. Be3 Qe6 46. Qa7 (46. Qf8 $142 Bg5 47. Bxg5 Rxg5 48. Qf4) 46... Qe4 47. Re1 (47. Qa8 $142 Bg5 48. Bxg5 Rxg5 49. f3) 47... Qb4 48. Rc1 a4 {[%emt 0:00:28] And now ...a3 would win.} 49. Bc5 Qb2 50. Re1 (50. Rf1 $142 Rxc5 51. Qxc5) 50... Re5 (50... Qc3 $142 51. Rf1 Rxc5 52. Qxa4 Bd4) 51. Rd1 (51. Rxe5 Qa1+ 52. Re1 Qxe1+ 53. Kh2) 51... Qc2 {[%csl LRc5,LRd1] Weighted Error Value: White=0.32/Black=0.17 (very precise)} 0-1

[Event "87th Spanish Championship 2022"]
[Site "Linares"]
[Date "2022.08.14"]
[Round "5.23"]
[White "De La Cruz Revilla, Miguel"]
[Black "Domingo Nunez, Alejandro"]
[Result "1-0"]
[ECO "B10"]
[WhiteElo "2213"]
[BlackElo "2335"]
[Annotator "TA"]
[PlyCount "99"]
[EventDate "2022.08.11"]
[EventType "swiss"]
[EventCountry "ESP"]
[SourceTitle "playchess.com"]
[Source "ChessBase"]
[SourceQuality "1"]
[TimeControl "5400+30"]

1. e4 c6 2. Nc3 d5 3. Nf3 g6 4. d4 Bg7 5. h3 dxe4 6. Nxe4 Nf6 7. Bd3 Nxe4 8. Bxe4 O-O 9. O-O Nd7 10. c3 Qc7 {[%emt 0:00:43] 10...e5 is becoming the main line.} 11. Re1 c5 {[%emt 0:00:38] B15: Caro-Kann: 3 Nc3: 3...g6 and 3...dxe4 4 Nxe4 Nf6 5 Nxf6+ exf6.} 12. Bg5 cxd4 13. cxd4 Nf6 {[%emt 0:00:22] [#] The position is equal.} 14. Bc2 $146 ({Predecessor:} 14. Bd3 Be6 15. Qd2 Bd5 16. Ne5 Rad8 17. Rac1 Qb6 18. Bb1 Be6 19. Nf3 Rd7 20. Red1 {½-½ (48) Choisy,M (2071)-Piankov,E (2358) Agneaux 2004}) 14... Qd6 15. Bb3 b6 16. Qe2 e6 17. Qe5 Qd8 18. Rad1 Bb7 19. Qf4 Nd5 20. Qh4 Qd6 21. Bh6 Qd8 (21... a5 $11) 22. Bg5 (22. Ng5 $14 Qf6 23. Bxg7 Qxg7 24. Ne4) 22... Qd6 23. Bh6 Bxh6 24. Qxh6 {[%emt 0:00:03] [#] Ng5 is the strong threat.} f6 {[%emt 0:00:11] Prevents Ng5.} 25. Re4 Rae8 26. Rde1 Rf7 27. Ba4 Ree7 28. Rg4 (28. Bb3 $11 {keeps the balance.}) 28... Rg7 29. Bb3 g5 30. Bxd5 exd5 (30... Rg6 $1 $15 31. Bxe6+ Rxe6 32. Rxe6 Qxe6) 31. Rxe7 $14 Qxe7 {[%emt 0:00:03] [#] Black is on the road to losing.} 32. h4 $1 Rg6 33. Qh5 ({Stronger than} 33. hxg5 f5 34. Rg3 Rxh6 $15) 33... Bc8 34. Rg3 g4 {[%emt 0:01:23] And now ...Kg7 would win.} 35. Qxd5+ Kh8 36. Qc4 Bf5 (36... Bd7 $16 {might work better.}) 37. Nd2 $18 Rg8 38. Re3 Qd7 39. Ne4 Rc8 40. Qb4 Bxe4 41. Rxe4 {[%emt 0:00:12][%mdl 4096] Endgame KQR-KQR} Qf5 (41... h5 $142 42. Re7 a5 43. Rxd7 axb4) 42. Qe1 Qg6 $2 (42... Kg7 {was called for.} 43. Re7+ Kg6) 43. g3 Kg7 $2 (43... Rc1 44. Qxc1 Qxe4) 44. Qe3 Kf8 45. d5 {[%emt 0:00:36] Threatens to win with Re7.} Rc1+ (45... Qf7 $142 46. Rxg4 Qxd5) 46. Kg2 Rd1 47. Qa3+ Kg8 48. Qa4 {[%emt 0:00:14] Active counter play!} h5 49. Re8+ Kg7 50. Qxa7+ {[%emt 0:00:17] Weighted Error Value: White=0.25 (precise) /Black=0.47} 1-0

[Event "87th Spanish Championship 2022"]
[Site "Linares"]
[Date "2022.08.14"]
[Round "5.24"]
[White "Jimenez Bernal, Francisco"]
[Black "Alvarez Fernandez, Enrique"]
[Result "1-0"]
[ECO "D10"]
[WhiteElo "2149"]
[BlackElo "2329"]
[Annotator "TA"]
[PlyCount "69"]
[EventDate "2022.08.11"]
[EventType "swiss"]
[EventCountry "ESP"]
[SourceTitle "playchess.com"]
[Source "ChessBase"]
[SourceQuality "1"]
[TimeControl "5400+30"]

1. d4 d5 2. c4 c6 3. cxd5 cxd5 4. Nc3 Nf6 5. Nf3 Nc6 6. Bf4 a6 7. e3 Bf5 8. Rc1 Rc8 9. Be2 {[%emt 0:01:00] D13: Slav Defence: Exchange variation without ...Bf5.} e6 10. O-O Nd7 11. Na4 {[%emt 0:01:00] White has an edge.} Be7 12. h3 O-O 13. a3 Na5 14. Nc5 Nxc5 15. dxc5 Nc4 16. b4 b5 17. a4 {[%emt 0:07:04] And now axb5 would win.} Nb2 18. Qd2 Nxa4 19. Nd4 {[%emt 0:00:15] [#]} Be4 $146 ({Predecessor:} 19... Bg6 20. Be5 Bf6 21. Bxf6 Qxf6 22. f4 h6 23. Bd1 e5 24. fxe5 Qxe5 25. Bb3 Rfd8 26. Bxa4 bxa4 {½-½ (60) Deskin,G (2166)-Edwards,K (2215) ICCF email 2018}) 20. f3 {[%emt 0:02:28][%mdl 1024] White has compensation.} Bg6 21. Ra1 Bf6 {[%emt 0:11:55] aiming for ...e5.} 22. Bd6 Be7 23. Bh2 Bf6 24. Bd6 Re8 {[%emt 0:03:31] [#]} (24... Be7 $11 25. Bxe7 Qxe7) 25. Rxa4 $1 $14 bxa4 26. Bxa6 {[%emt 0:00:11] White is much more active.} Ra8 27. b5 {[%emt 0:04:19][%cal Bb4b5,Bb5a6,Ba6a7][%mdl 32] Strongly threatening Bb7.} Rxa6 28. bxa6 $18 Qa8 $2 {[%emt 0:09:29] This costs Black the game.} (28... Qd7 $16 {might work better.}) 29. Qa5 Bd3 {[%emt 0:05:36] [#]} 30. a7 $1 Bxf1 31. Kxf1 {[%emt 0:00:09] Threatens to win with Nb5.} Be7 $2 (31... a3 32. Qxa3 Rc8) 32. Qxa4 {[%emt 0:25:23] White is clearly winning.} Bxd6 33. cxd6 {[%emt 0:00:10][%cal Oa4e8] Intending Qxe8+! and mate.} Rd8 34. Qa6 {[%emt 0:00:46] Nc6 is the strong threat.} h5 35. Nb5 {[%emt 0:01:58] Weighted Error Value: White=0.05 (flawless) /Black=0.30} 1-0